 Dungeon Crawl Stone Soup version 0.18.1-8-gdd0e5ea (webtiles) character file.

266 Crag the Bolt Thrower (level 6, 0/56 HPs)
             Began as a Deep Dwarf Hunter on May 30, 2016.
             Splashed by a jelly's acid (9 damage)
             ... on level 5 of the Dungeon.
             The game lasted 00:13:20 (3401 turns).

Crag the Bolt Thrower (Deep Dwarf Hunter)           Turns: 3401, Time: 00:13:21

Health: 0/56       AC: -5    Str: 19    XL:     6   Next: 0%
Magic:  8/8        EV: 11    Int: 11    God:
Gold:   169        SH:  0    Dex: 16    Spells: 0 memorised, 5 levels left

rFire  + . .     SeeInvis .     b - +0 short sword
rCold  . . .     Gourm    .     g - +0 scale mail
rNeg   . . .     Faith    .     (no shield)
rPois  .         Spirit   .     (no helmet)
rElec  .         Dismiss  .     q - +1 cloak
rCorr  .         Reflect  .     (no gloves)
SustAt .         Harm     .     z - +1 pair of boots
MR     .....     Rnd*Tele +     (no amulet)
Stlth  ..........               (no ring)
                                m - ring of flight

@: corroded, non-regenerating, not resistant to hostile enchantments, extremely
unstealthy
A: damage resistance, recharge devices, hooves 1, agile 1, fire resistance 1,
sense surroundings 1, screaming 1, slow regeneration 3, strong 1, teleportitis 1
a: Device Recharging, Evoke Flight


You were on level 5 of the Dungeon.
You were not hungry.

You visited 1 branch of the dungeon, and saw 5 of its levels.

You collected 169 gold pieces.

Inventory:

Hand Weapons
 a - a +1 hand crossbow
 b - a +0 short sword (weapon)
Missiles
 d - 24 bolts
Armour
 c - a +0 leather armour
 g - a +0 scale mail (worn)
 q - a +1 cloak (worn)
 z - a +1 pair of boots (worn)
Magical Staves
 x - an uncursed staff of cold
Jewellery
 m - a ring of flight (left hand)
 y - an uncursed ring of resist corrosion {unknown}
 C - an uncursed amulet of the gourmand {unknown}
Wands
 e - a wand of heal wounds (3/9)
Scrolls
 i - 3 scrolls of recharging {unknown}
 l - a scroll of amnesia {unknown}
 o - 4 scrolls of identify {unknown}
 p - 4 scrolls of fear {unknown}
 s - 4 scrolls of teleportation {unknown}
 t - 2 scrolls of enchant armour {unknown}
 u - a scroll of random uselessness {unknown}
 v - 3 scrolls of remove curse {unknown}
 B - a scroll of blinking {unknown}
Potions
 j - a potion of curing {unknown}
 k - 2 potions of magic {unknown}
 n - 2 potions of resistance {unknown}
 r - a potion of cure mutation {unknown}
 A - a potion of degeneration {unknown}
 D - a potion of heal wounds {unknown}
 E - a potion of flight {unknown}
Comestibles
 f - 5 bread rations
 h - a beef jerky
 w - a meat ration
 F - 4 chunks of flesh


   Skills:
 + Level 3.3 Fighting
 + Level 5.4 Crossbows
 + Level 2.0 Armour
 - Level 3.0 Dodging
 - Level 1.2 Stealth
 + Level 3.6 Evocations


You had 5 spell levels left.
You didn't know any spells.

Dungeon Overview and Level Annotations

Branches:
Dungeon (5/15)
 Temple: D:4-7

Altars:
Fedhas
Gozag
Yredelemnul

Annotations:
D:4 Leafly's ghost, amateur CeHu


Innate Abilities, Weirdness & Mutations

You are resistant to damage.
You can recharge devices by infusing magical energy.
You passively map a small area around you.
You do not regenerate naturally.
You have large cloven feet.
You are agile. (Dex +2)
Your flesh is heat resistant.
You occasionally shout uncontrollably at your foes.
Your muscles are strong. (Str +2)
You are occasionally teleported next to monsters.


Message History

The jelly is moderately wounded.
The jelly closely misses you.
You hit the jelly but do no damage. The acid corrodes you!
Your hands burn!
The jelly is moderately wounded.
The jelly closely misses you.
You hit the jelly. The acid corrodes you!
Your hands burn!
The jelly is heavily wounded.
The jelly hits you.
You are splashed with acid!
The acid burns!
You hit the jelly but do no damage.
Your hands burn!
The jelly is heavily wounded.
The jelly hits you.
You are splashed with acid!
The acid corrodes you!
The acid burns!
You hit the jelly but do no damage.
Your hands burn!
The jelly is heavily wounded.
The jelly hits you.
You are splashed with acid!
The acid burns!
* * * LOW HITPOINT WARNING * * *
You hit the jelly but do no damage.
Your hands burn!
The jelly is heavily wounded.
The jelly hits you.
You are splashed with acid!
The acid burns!
You die...

#####.#####.*
*
#.(..........
* , , *
#)###.####...
, #)# #.# , *
* #)# #.# * *
#.# #.# , *#
* #.#*#.# ,
....###.# ..#
* ......J@#
.# ,
.#..##### * #
*,** * , ,* ,
* , , ,,, , ,
, , * * * *


You could see a jelly.

Vanquished Creatures
  A sky beast (D:3)
  A scorpion (D:4)
  2 orc wizards (D:5)
  An adder (D:4)
  2 oozes
  A worm (D:2)
  2 dart slugs (D:2)
  3 giant geckos
  4 orcs (D:5)
  A ball python (D:1)
  3 giant cockroaches
  2 hobgoblins
  3 jackals (D:3)
  3 kobolds
  4 quokkas
  5 bats
  9 giant newts
  8 goblins
  9 rats
64 creatures vanquished.

Notes
Turn   | Place    | Note
--------------------------------------------------------------
     0 | D:1      | Crag the Deep Dwarf Hunter began the quest for the Orb.
     0 | D:1      | Reached XP level 1. HP: 19/19 MP: 1/1
   194 | D:1      | Reached XP level 2. HP: 26/26 MP: 2/2
   291 | D:1      | Reached skill level 1 in Evocations
  1428 | D:2      | Reached XP level 3. HP: 26/33 MP: 3/3
  1510 | D:2      | Found an opulent altar of Gozag.
  2236 | D:2      | Found a basalt altar of Yredelemnul.
  2339 | D:2      | Found a blossoming altar of Fedhas.
  2659 | D:3      | Reached XP level 4. HP: 28/40 MP: 5/5
  2791 | D:3      | Noticed a sky beast
  2845 | D:3      | Killed a sky beast
  2845 | D:3      | Reached skill level 5 in Crossbows
  2845 | D:3      | Reached skill level 1 in Armour
  2845 | D:3      | Reached XP level 5. HP: 46/49 MP: 5/7
  2888 | D:3      | Gained mutation: You occasionally shout uncontrollably at your foes. [mutagenic meat]
  2889 | D:3      | Gained mutation: You are occasionally teleported next to monsters. [mutagenic meat]
  2890 | D:3      | Gained mutation: Your muscles are strong. (Str +2) [mutagenic meat]
  2891 | D:3      | Gained mutation: You are agile. (Dex +2) [mutagenic meat]
  2892 | D:3      | Gained mutation: Your flesh is heat resistant. [mutagenic meat]
  2893 | D:3      | Gained mutation: You have large cloven feet. [mutagenic meat]
  3069 | D:3      | Found a faded altar to an unknown god.
  3271 | D:4      | Noticed Leafly's ghost (amateur CeHu)
  3303 | D:5      | Entered Level 5 of the Dungeon
  3380 | D:5      | Reached XP level 6. HP: 38/56 MP: 8/8
  3401 | D:5      | Splashed by a jelly's acid

Skill      XL: |  1  2  3  4  5 |
---------------+----------------+-----
Fighting       | 2 3 |  3.3
Evocations     | 1 2 3 |  3.6
Dodging        | 3 |  3.0
Crossbows      | 5 |  5.4
Armour         | 1 2 |  2.0
Stealth        | |  1.2

Action                   |  1- 3 |  4- 6 || total
-------------------------+-------+-------++-------
Melee: Short sword       |   106 |   112 ||   218
       Staff             |    34 |       ||    34
 Fire: Hand crossbow     |    51 |    18 ||    69
Evoke: Wand              |       |     2 ||     2
  Eat: Chunk             |     5 |     6 ||    11
       Bread ration      |       |     1 ||     1
Armor: Scale mail        |    59 |    73 ||   132
Dodge: Dodged            |    83 |    39 ||   122
